AoeStats
← gokhandg100

Black Forest

510123552Analyzed
2v2 RM · 3d ago on Sep 29, 2026· 56m 1s· 4 players
Game mode
Random Map
Map size
Medium (4 player)
Population
200
Speed
Normal
Resources
Standard
Victory
Conquest
Starting age
Dark Age
Ending age
Imperial Age
RankedLock teamsTeams togetherTeam positionsShared explorationLock speedFull tech treeHidden civsTurbo modeCheats
Victory
Defeat
🇫🇷 Teutons · France
735
+11
🇫🇷 Byzantines · France
597
+17
🇺🇸 Chinese · United States
669
-16
🇹🇷 Portuguese · Türkiye
580
-12
67676767676767676767676767676767
0:28 Loom
16:12 Feudal Age
22:13 Castle Age
20:23 Double-Bit Axe
23:04 Wheelbarrow
24:00 Bow Saw
26:20 Hand Cart
26:28 Horse Collar
29:24 Heavy Plow
41:54 Imperial Age
40:00 Coinage
40:34 Stone Mining
40:34 Gold Mining
42:16 Stone Shaft Mining
42:16 Gold Shaft Mining
42:41 Town Watch
43:58 Two-Man Saw
43:33 Banking
43:42 Squires
43:27 Arson
43:03 Pikeman
44:07 Ballistics
43:41 Fletching
43:51 Padded Archer Armor
44:02 Forging
43:53 Scale Mail Armor
44:55 Chemistry
44:08 Fortified Wall
43:54 Murder Holes
44:09 Masonry
45:42 Great Wall
46:03 Conscription
46:03 Rocketry
45:04 Elite Chu Ko Nu
45:43 Bodkin Arrow
46:04 Leather Archer Armor
46:05 Chain Mail Armor
46:23 Bracer
46:58 Iron Casting
46:32 Thumb Ring
45:54 Halberdier
47:10 Ring Archer Armor
47:11 Plate Mail Armor
49:30 Blast Furnace
47:53 Man-at-Arms
48:26 Heavy Rocket Cart
48:50 Capped Ram
50:11 Architecture
49:41 Long Swordsman
50:07 Siege Ram
gokhandg100
15:19 Feudal Age
17:10 Horse Collar
17:45 Loom
17:58 Double-Bit Axe
19:10 Gold Mining
24:00 Castle Age
22:09 Scale Mail Armor
24:00 Forging
24:35 Pikeman
25:18 Heavy Plow
27:43 Chain Mail Armor
33:08 Iron Casting
32:35 Padded Archer Armor
32:25 Fletching
35:57 Elite Skirmisher
37:50 Bow Saw
42:27 Imperial Age
45:13 Wheelbarrow
46:49 Leather Archer Armor
46:30 Bodkin Arrow
47:37 Hand Cart
47:08 Loom
47:09 Town Watch
47:20 Stone Mining
48:03 Crop Rotation
48:37 Two-Man Saw
48:11 Elite Organ Gun
48:57 Arquebus
49:49 Thumb Ring
49:06 Crossbowman
Sangohan
0:42 Loom
15:27 Feudal Age
16:46 Wheelbarrow
18:21 Horse Collar
18:30 Double-Bit Axe
20:10 Gold Mining
19:58 Man-at-Arms
21:52 Arson
22:40 Forging
24:15 Scale Mail Armor
27:26 Castle Age
26:01 Stone Mining
26:32 Scale Barding Armor
28:27 Hand Cart
29:05 Stone Shaft Mining
28:40 Heavy Plow
29:35 Long Swordsman
30:44 Bow Saw
34:09 Iron Casting
36:10 Fortified Wall
41:32 Imperial Age
41:33 Chain Mail Armor
41:41 Onager
43:27 Chemistry
43:11 Crop Rotation
43:45 Two-Man Saw
42:49 Cavalier
44:21 Paladin
46:34 Caravan
48:33 Bloodlines
54:19 Blast Furnace
italian13720
11:47 Feudal Age
13:09 Wheelbarrow
12:32 Double-Bit Axe
12:41 Horse Collar
20:17 Castle Age
19:51 Gold Mining
19:54 Stone Mining
21:42 Hand Cart
21:27 Arson
22:07 Bow Saw
22:02 Heavy Plow
29:18 Gold Shaft Mining
29:21 Stone Shaft Mining
31:08 Elite Skirmisher
33:28 Forging
33:25 Scale Barding Armor
33:21 Scale Mail Armor
37:08 Imperial Age
38:04 Chain Mail Armor
38:25 Iron Casting
39:00 Two-Man Saw
38:35 Crop Rotation
38:45 Conscription
37:46 Elite Cataphract
40:16 Logistica
42:29 Chemistry
41:21 Elite Varangian Guard
42:59 Onager
45:18 Chain Barding Armor
45:29 Plate Mail Armor
48:59 Caravan
52:37 Plate Barding Armor
52:02 Padded Archer Armor
51:53 Fletching
52:41 Hoardings
Connection lost

Rejoining the realm…

Still unreachable

The connection could not be restored.

Session expired

The server has moved on; the page needs a fresh start.